 Dungeon Crawl Stone Soup version 0.23-a0-629-gae4348f (webtiles) character file.

41849 MalarOregon the Impaler (level 14, -12/118 HPs)
             Began as a Merfolk Gladiator on Dec 24, 2018.
             Was a High Priest of Nemelex Xobeh.
             Splashed by an oklob plant's acid (13 damage)
             ... on level 6 of the Lair of Beasts on Dec 26, 2018.
             The game lasted 00:49:50 (20587 turns).

MalarOregon the Impaler (Merfolk Gladiator)        Turns: 20587, Time: 00:49:51

Health: -12/118    AC:  4    Str: 19    XL:     14   Next: 17%
Magic:  19/22      EV: 24    Int: 11    God:    Nemelex Xobeh [*****.]
Gold:   397        SH:  0    Dex: 17    Spells: 20/24 levels left

rFire    + + .     SeeInvis .   a - +5 scythe "Finisher" {speed, eviscerate}
rCold    . . .     Gourm    .   (shield currently unavailable)
rNeg     . . .     Faith    .   Z - +3 salamander hide armour {+Rage rF++}
rPois    +         Spirit   .   w - +2 hat
rElec    .         Reflect  .   O - scarf {cloud immunity}
rCorr    .         Harm     .   v - +0 pair of gloves
MR       +....                  V - +2 pair of boots
Stlth    +.........             (no amulet)
HPRegen  0.29/turn              H - +5 ring of strength
MPRegen  0.18/turn              X - ring of poison resistance

@: lethally poisoned (-12 -> -16), corroded
A: change form in water, swift swim, stealthy swim
a: Draw Escape, Draw Destruction, Draw Summoning, Triple Draw, Deal Four, Stack
Five, Renounce Religion, Evoke Berserk Rage


You were on level 6 of the Lair of Beasts.
You worshipped Nemelex Xobeh.
Nemelex Xobeh was extremely pleased with you.
You were not hungry.

You visited 3 branches of the dungeon, and saw 17 of its levels.
You also visited: Ossuary and Gauntlet.

You collected 1086 gold pieces.
You spent 689 gold pieces at shops.

Inventory:

Hand Weapons
 a - the +5 scythe "Finisher" (weapon) {speed, eviscerate}
   (You took it off a minotaur in a Gauntlet)

   Attacks with this weapon are significantly faster.
Missiles
 y - 6 throwing nets (quivered) {!f}
Armour
 v - a +0 pair of gloves (worn)
   (You found it on level 1 of the Dungeon)
 w - a +2 hat (worn)
   (You found it on level 2 of the Dungeon)
 O - a scarf of cloud immunity (worn)
   (You found it on level 10 of the Dungeon)
 V - a +2 pair of boots (worn)
   (You found it on level 2 of the Dungeon)
 W - the +3 hat of Pondering {ponderous, MR+ MP+10 Int+5}
   (You took it off Gastronok on level 2 of the Lair of Beasts)

   It affects your intelligence (+5).
   It affects your resistance to hostile enchantments.
   It affects your magic capacity (+10).
 Z - the +3 salamander hide armour (worn) {+Rage rF++}
   (You found it in a Gauntlet)

   It greatly protects you from fire.
   It lets you go berserk.
Jewellery
 b - an uncursed ring of ice
   (You found it on level 5 of the Lair of Beasts)
 l - an uncursed ring of protection from magic
   (You found it on level 2 of the Dungeon)
 m - an uncursed ring of positive energy
   (You found it on level 1 of the Dungeon)
 z - an uncursed ring of see invisible
   (You found it on level 2 of the Lair of Beasts)
 H - a +5 ring of strength (left hand)
   (You found it on level 5 of the Dungeon)
 X - a ring of poison resistance (right hand)
   (You took it off a minotaur in a Gauntlet)
Wands
 c - a wand of disintegration (14)
   (You found it on level 2 of the Dungeon)
 d - a wand of iceblast (7)
   (You found it on level 4 of the Dungeon)
 u - a wand of paralysis (13)
   (You found it on level 8 of the Dungeon)
 D - a wand of polymorph (9)
   (You found it in an ossuary)
 G - a wand of clouds (2)
   (You found it in an ossuary)
 J - a wand of scattershot (3)
   (You took it off an orc on level 6 of the Dungeon)
Scrolls
 f - 3 scrolls of blinking
 g - a scroll of immolation {!r}
 i - a scroll of acquirement {unknown}
 k - 3 scrolls of fear
 n - 9 scrolls of remove curse {@r2}
 q - a scroll of summoning
 x - 2 scrolls of random uselessness {unknown}
 B - 7 scrolls of amnesia
 C - 7 scrolls of teleportation {@r4}
 F - a scroll of torment {unknown}
 K - 2 scrolls of identify {@r1}
 L - 2 scrolls of enchant weapon
 M - a scroll of silence
 P - a scroll of brand weapon {unknown}
 Q - a scroll of vulnerability {unknown}
 R - 2 scrolls of fog
 T - 2 scrolls of magic mapping
Potions
 h - 6 potions of might
 j - 3 potions of lignification {!q}
 o - 7 potions of curing {@q1}
 p - 4 potions of brilliance
 r - 2 potions of berserk rage
 s - 3 potions of invisibility
 t - 6 potions of heal wounds {@q2}
 A - 2 potions of magic
 E - 3 potions of haste {@q3}
 I - 5 potions of flight
 N - 2 potions of mutation {!q}
 S - 4 potions of ambrosia
 U - a potion of agility
Comestibles
 e - 13 rations {!d}


   Skills:
 - Level 13.0 Fighting
 + Level 17.2 Polearms
 - Level 2.5 Throwing
 - Level 16.0 Dodging
 + Level 5.7 Spellcasting
 + Level 6.8 Poison Magic
 - Level 6.0 Invocations
 - Level 4.0 Evocations


You had 20 spell levels left.
You knew the following spells:

 Your Spells              Type           Power        Failure   Level  Hunger
y - Olgreb's Toxic Radia  Pois           ###.....     14%         4    ####...

Your spell library contained the following spells:

 Spells                   Type           Power        Failure   Level  Hunger
 Sting                    Conj/Pois      ##..         6%          1    None
 Poisonous Vapours        Pois/Air       ##....       9%          2    ##.....
 Spider Form              Tmut/Pois      ##........   17%         3    ###....
 Beastly Appendage        Tmut           #.....       24%         1    None
 Flame Tongue             Conj/Fire      #....        24%         1    None
 Infusion                 Chrm           #...         24%         1    None
 Sandblast                Erth           #.....       24%         1    None
 Summon Butterflies       Summ           #.......     24%         1    None
 Mephitic Cloud           Conj/Pois/Air  #.......     28%         3    ###....
 Passwall                 Tmut/Erth      #.......     34%         2    ##.....
 Shroud of Golubria       Chrm/Tloc      #.........   34%         2    ##.....
 Song of Slaying          Chrm           #.......     34%         2    ##.....
 Sticks to Snakes         Tmut           #.......     34%         2    ##.....
 Throw Flame              Conj/Fire      #.....       34%         2    ##.....
 Call Canine Familiar     Summ           #.......     56%         3    ###....
 Conjure Flame            Conj/Fire      #.......     56%         3    ###....
 Inner Flame              Hex/Fire       #.......     56%         3    ###....
 Regeneration             Chrm/Necr      #.........   56%         3    ###....
 Spectral Weapon          Hex/Chrm       #.......     56%         3    ###....
 Stone Arrow              Conj/Erth      #.....       56%         3    ###....
 Venom Bolt               Conj/Pois      ##........   85%         5    ######.
 Ice Form                 Ice/Tmut       #.......     93%         4    ####...
 Petrify                  Tmut/Erth      #.......     93%         4    ####...
 Sticky Flame             Conj/Fire      #.......     93%         4    ####...
 Summon Ice Beast         Ice/Summ       #.......     93%         4    ####...
 Blade Hands              Tmut           #.........   100%        5    ######.
 Bolt of Magma            Conj/Fire/Erth #.........   100%        5    ######.
 Fireball                 Conj/Fire      #.........   100%        5    ######.
 Iskenderun's Battlesphe  Conj/Chrm      #.......     100%        5    ######.
 Lee's Rapid Deconstruct  Erth           #.........   100%        5    ######.
 Summon Mana Viper        Hex/Summ       #.......     100%        5    ######.
 Iron Shot                Conj/Erth      #.........   100%        6    #######
 Orb of Destruction       Conj           #.........   100%        7    #######
 Spellforged Servitor     Conj/Summ      #.........   100%        7    #######
 Summon Hydra             Summ           #.........   100%        7    #######


Dungeon Overview and Level Annotations

Branches:
Dungeon (10/15)            Temple (1/1) D:5            Lair (6/6) D:10
  Swamp (0/4) Lair:3       Spider (0/4) Lair:3        Slime (0/5) Lair:6
    Orc (0/2) D:9

Altars:
Ashenzari
Cheibriados
Dithmenos
Elyvilon
Fedhas
Gozag
Hepliaklqana
Kikubaaqudgha
Makhleb
Nemelex Xobeh
Okawaru
Qazlal
Ru
Sif Muna
Trog
Uskayaw
Vehumet
Wu Jian
Xom
Yredelemnul
Zin
The Shining One

Shops:
D:7 *:(*   D:8 (

Annotations:
Lair:6 exclusion: 4 oklob plants


Message History

The oklob plant is engulfed in freezing vapours. x3
Attack whom?
Aim: an oklob plant (heavily damaged)
You reach to attack!
You hit the oklob plant but do no damage.
You feel sick.
The plant is engulfed in freezing vapours.
The hippogriff is engulfed in freezing vapours.
The hippogriff misses you. The hippogriff closely misses you.
The hippogriff completely misses you. The rime drake bites you.
The elephant is engulfed in freezing vapours.
The elephant completely misses you. The elephant closely misses you.
The water moccasin is engulfed in freezing vapours.
You kill the water moccasin!
Attack whom?
Aim: an oklob plant (heavily damaged)
You reach to attack!
You slash the oklob plant!
You feel sick.
The plant is engulfed in freezing vapours.
The oklob plant is engulfed in freezing vapours. x3
The rime drake bites you.
The hippogriff is engulfed in freezing vapours.
You kill the hippogriff!
Attack whom?
Aim: an oklob plant (severely damaged)
You reach to attack!
You slash the oklob plant!
The rime drake looks more healthy.
The plant is engulfed in freezing vapours.
You destroy the plant!
The elephant is engulfed in freezing vapours.
The elephant completely misses you. The elephant misses you.
The oklob plant spits acid at you. The splash of acid misses you.
The oklob plant is engulfed in freezing vapours.
The oklob plant spits acid at you. The splash of acid hits you!
The acid corrodes you!
You are splashed with acid!
The acid burns!
* * * LOW HITPOINT WARNING * * *
The oklob plant is engulfed in freezing vapours.
The oklob plant spits acid at you. The splash of acid hits you!
* * * LOW HITPOINT WARNING * * *
You are splashed with acid!
The acid burns!
* * * LOW HITPOINT WARNING * * *
The oklob plant is engulfed in freezing vapours.
The oklob plant spits acid at you. The splash of acid hits you!
* * * LOW HITPOINT WARNING * * *
You are splashed with acid!
The acid burns!
You die...
Your body glows slightly and disappears.

####### ##
#.P#..###.#. #######
............ #)...?#
............ #%$?.?#
##....#..#... #$?.§§#
###P...# .#...#$!P§P#
.. # ##...#
#....#.P§§P#...
###...P#
#....#P§§§§#...
##.#..P#
##.....@Y......
##....##
#.%.#...k..P...
##.....#
#....#.........
P###...#
#....#%..#.#... ##
#..## #P..#.#...%....
# ##...#
#.............. #
#...## #....#......(..
#
#...P###....##..#.....
#
#....##....###..##...#


You could see an elephant, 4 oklob plants and a rime drake.

Vanquished Creatures
  An emperor scorpion (Lair:5)
  A minotaur (Gauntlet)
  Josephine (Lair:4)
  3 hydras
  The ghost of Gewnour the Protected, a journeyman GrFi of Dithmenos (Lair:3)
  Harold (Lair:1)
  A two-headed ogre (D:9)
  7 death yaks
  An oklob plant (Lair:4)
  A manticore (Lair:5)
  3 elephants
  4 black mambas
  5 spiny frogs
  2 torpor snails
  2 rime drakes
  6 komodo dragons
  A troll (D:10)
  A jumping spider (Lair:3)
  A merfolk (D:9)
  2 polar bears
  2 tyrant leeches (Lair:3)
  Grinder (D:3)
  2 slime creatures (Lair:6)
  14 blink frogs
  8 hippogriffs
  9 dream sheep
  A redback (Lair:3)
  7 wraiths
  A wyvern (Lair:4)
  2 basilisks
  19 yaks
  The ghost of Duffy the Conjurer, an amateur NaFE of Vehumet (D:4)
  10 water moccasins
  A swamp worm (Lair:3)
  15 porcupines
  2 orc warriors
  2 phantoms
  An ice beast (D:7)
  An eye of draining (D:10)
  2 necrophages
  3 sky beasts
  3 ogres
  A black bear (Lair:2)
  2 centaurs (D:10)
  12 wolves
  7 crocodiles
  A big kobold (D:6)
  8 bullfrogs
  A gnoll sergeant (D:8)
  A howler monkey (D:4)
  6 wights
  3 electric eels (D:10)
  3 crimson imps
  A quasit (D:10)
  A bullfrog zombie (D:7)
  4 jellies
  5 orc wizards
  A bullfrog skeleton (D:6)
  7 hounds
  4 orc priests
  3 iguanas
  Jessica (D:3)
  2 worker ants
  A hound zombie (D:6)
  A hound skeleton (D:4)
  A worker ant zombie (D:5)
  6 gnolls
  8 adders
  A shadow imp (D:8)
  An ooze (D:5)
  An adder skeleton (D:10)
  3 adder zombies (Ossuary)
  2 worms (D:5)
  6 leopard geckos
  29 orcs
  2 giant cockroaches
  8 goblins
  8 hobgoblins
  4 jackals (D:1)
  7 kobolds
  2 quokkas
  A ball python (D:1)
  A ball python skeleton (Ossuary)
  5 bats
  3 frilled lizards
  3 hobgoblin skeletons (Ossuary)
  2 kobold zombies (Ossuary)
  A leopard gecko skeleton (D:4)
  An orc zombie (Ossuary)
  5 rats
  2 plants (Lair:6)
341 creatures vanquished.

Vanquished Creatures (collateral kills)
  Gastronok (Lair:2)
  The ghost of MalarOregon the Impaler, a journeyman MfGl of Nemelex Xobeh (Lair:4)
  A green death (Gauntlet)
  4 elephants
  An orange demon (Gauntlet)
  A spiny frog (Lair:5)
  5 dream sheep
  2 yaks (Lair:2)
  3 basilisks
  A porcupine (Lair:5)
  3 wolves (Lair:5)
  A scorpion (D:6)
  An electric eel (Lair:5)
  An orc wizard (D:6)
26 creatures vanquished.

Vanquished Creatures (others)
  2 wolves (Lair:2)
  2 fungi
  3 plants
  9 toadstools (Lair:5)
16 creatures vanquished.

Grand Total: 383 creatures vanquished

Notes
Turn   | Place    | Note
-------+----------+-------------------------------------------
     0 | D:1      | MalarOregon the Merfolk Gladiator began the quest for the
                  | Orb.
     0 | D:1      | Reached XP level 1. HP: 16/16 MP: 1/1
    39 | D:1      | Reached XP level 2. HP: 21/23 MP: 2/2
   286 | D:1      | Reached XP level 3. HP: 23/28 MP: 3/3
   444 | D:1      | Reached skill level 5 in Polearms
   924 | D:2      | Reached XP level 4. HP: 29/35 MP: 4/4
  1434 | D:2      | Reached skill level 5 in Dodging
  1774 | D:3      | Noticed Grinder
  1779 | D:3      | Upgraded the game from 0.23-a0-622-g59b4ea9 to
                  | 0.23-a0-629-gae4348f
  1784 | D:3      | Killed Grinder
  1784 | D:3      | Reached skill level 6 in Polearms
  1784 | D:3      | Reached XP level 5. HP: 38/43 MP: 5/5
  1784 | D:3      | Reached XP level 6. HP: 43/49 MP: 6/6
  2021 | D:3      | Noticed Jessica
  2024 | D:3      | Killed Jessica
  2356 | D:4      | Reached skill level 7 in Polearms
  2572 | D:4      | Reached XP level 7. HP: 49/55 MP: 7/7
  2575 | D:4      | Found a runed gate.
  2576 | D:4      | Found a runed gate.
  2577 | D:4      | Found a runed gate.
  2579 | D:4      | Noticed Duffy's ghost (amateur NaFE)
  2649 | D:4      | Found a shadowy altar of Dithmenos.
  2649 | D:4      | Found an ancient bone altar of Kikubaaqudgha.
  2674 | D:4      | Found a glowing silver altar of Zin.
  3029 | D:5      | Entered Level 5 of the Dungeon
  3065 | D:5      | Found a sand-covered staircase.
  3072 | Ossuary  | Entered an ossuary
  3166 | Ossuary  | Noticed a wraith
  3166 | Ossuary  | Noticed a flying skull
  3289 | Ossuary  | Noticed a flying skull
  3297 | Ossuary  | Noticed a wraith
  3316 | Ossuary  | Killed a wraith
  3316 | Ossuary  | Reached skill level 5 in Fighting
  3316 | Ossuary  | Reached skill level 8 in Polearms
  3518 | Ossuary  | Noticed a flying skull
  3519 | Ossuary  | Noticed a flying skull
  3684 | Ossuary  | Noticed a wraith
  3699 | Ossuary  | Killed a wraith
  3699 | Ossuary  | Reached skill level 9 in Polearms
  3699 | Ossuary  | Reached XP level 8. HP: 42/63 MP: 8/8
  4068 | D:5      | Found a staircase to the Ecumenical Temple.
  4095 | Temple   | Entered the Ecumenical Temple
  4193 | Temple   | Became a worshipper of Nemelex Xobeh the Trickster
  4239 | D:5      | Reached skill level 10 in Polearms
  4320 | D:5      | Received a gift from Nemelex Xobeh
  4602 | D:4      | Found a blossoming altar of Fedhas.
  4602 | D:4      | Found a hide-covered altar of Uskayaw.
  4609 | D:4      | Got a ripped robe
  4693 | D:4      | Killed Duffy's ghost
  4890 | D:6      | Reached skill level 11 in Polearms
  5248 | D:7      | Found Vaithuhua's Assorted Antiques.
  5248 | D:7      | Found Hucapluxe's Weapon Shop.
  5250 | D:7      | Found Cykhlemme's Book Shop.
  5251 | D:7      | Bought a scroll labeled GINNERGH ARHEECHAFU for 31 gold
                  | pieces
  5327 | D:7      | Found Tewkas's Assorted Antiques.
  5331 | D:7      | Bought a scroll labeled UWOBRUSMAE for 31 gold pieces
  5331 | D:7      | Bought a cyan potion for 27 gold pieces
  5341 | D:7      | Reached * piety under Nemelex Xobeh
  5378 | D:7      | Reached XP level 9. HP: 71/71 MP: 9/9
  5776 | D:7      | Reached skill level 12 in Polearms
  5942 | D:7      | Found a bloodstained altar of Trog.
  6247 | D:8      | Found a stormy altar of Qazlal.
  6552 | D:8      | Found Jeipt's Weapon Shoppe.
  6676 | D:8      | Identified the +5 robe of Cumiat Duboe {rPois rCorr Int-4
                  | Dex-5} (You found it on level 4 of the Dungeon)
  6825 | D:8      | Reached skill level 13 in Polearms
  6872 | D:9      | Reached ** piety under Nemelex Xobeh
  6917 | D:9      | Received a gift from Nemelex Xobeh
  6985 | D:9      | Noticed a two-headed ogre
  6993 | D:9      | Killed a two-headed ogre
  6993 | D:9      | Reached skill level 10 in Dodging
  6993 | D:9      | Reached skill level 1 in Invocations
  6993 | D:9      | Reached skill level 1 in Evocations
  6993 | D:9      | Reached XP level 10. HP: 38/80 MP: 9/11
  6994 | D:9      | Found a staircase to the Orcish Mines.
  7620 | D:9      | Found a bloodstained altar of Trog.
  7893 | D:9      | Received a gift from Nemelex Xobeh
  7972 | D:10     | Entered Level 10 of the Dungeon
  8107 | D:10     | Reached skill level 14 in Polearms
  8422 | D:10     | Found a staircase to the Lair.
  8971 | D:10     | Reached *** piety under Nemelex Xobeh
  9436 | Lair:1   | Entered Level 1 of the Lair of Beasts
 10022 | Lair:1   | Reached XP level 11. HP: 60/89 MP: 14/14
 10180 | Lair:1   | Received a gift from Nemelex Xobeh
 10456 | Lair:1   | Noticed Harold
 10483 | Lair:1   | Killed Harold
 10483 | Lair:1   | Reached skill level 5 in Invocations
 10980 | Lair:1   | Received a gift from Nemelex Xobeh
 11198 | Lair:2   | Reached skill level 10 in Fighting
 11217 | Lair:2   | Noticed Gastronok
 11233 | Lair:2   | Killed Gastronok
 11755 | Lair:2   | Reached **** piety under Nemelex Xobeh
 11925 | Lair:2   | Received a gift from Nemelex Xobeh
 12683 | Lair:3   | Found a staircase to the Swamp.
 12906 | Lair:3   | Found a gate leading to a gauntlet.
 12915 | Gauntlet | Entered a Gauntlet
 12915 | Gauntlet | Found a transporter.
 12924 | Gauntlet | Found a transporter.
 12924 | Gauntlet | Noticed a death yak
 12924 | Gauntlet | Noticed a death yak
 12925 | Gauntlet | Found a transporter.
 12925 | Gauntlet | Noticed a death yak
 12926 | Gauntlet | Found a transporter.
 12926 | Gauntlet | Noticed a death yak
 12929 | Gauntlet | Found a transporter.
 12931 | Gauntlet | Found a transporter.
 12932 | Gauntlet | Noticed a thrashing horror
 12932 | Gauntlet | Noticed a thrashing horror
 12938 | Gauntlet | Found a transporter.
 12938 | Gauntlet | Noticed a ghost crab
 12939 | Gauntlet | Found a transporter.
 13003 | Gauntlet | Found a runed door.
 13005 | Gauntlet | Found a transporter.
 13007 | Gauntlet | Found a runed door.
 13017 | Gauntlet | Found a transporter.
 13018 | Gauntlet | Noticed a green death
 13021 | Gauntlet | Found a transporter.
 13030 | Gauntlet | Noticed a four-headed hydra
 13039 | Gauntlet | Found a transporter.
 13128 | Gauntlet | Killed a green death
 13128 | Gauntlet | Reached XP level 12. HP: 100/100 MP: 15/15
 13148 | Gauntlet | Got a vibrating wooden ring
 13150 | Gauntlet | Identified the ring of Suorucergh {*Tele rC- rN+ Str+4
                  | Dex+2} (You found it in a Gauntlet)
 13166 | Gauntlet | Killed a four-headed hydra
 13271 | Gauntlet | Noticed a minotaur
 13302 | Gauntlet | Killed a minotaur
 13620 | Gauntlet | Found the +3 salamander hide armour {+Rage rF++}
 14066 | Lair:3   | Noticed a seven-headed hydra
 14069 | Lair:3   | Killed a seven-headed hydra
 14081 | Lair:3   | Received a gift from Nemelex Xobeh
 14238 | Lair:3   | Found a hole to the Spider Nest.
 14826 | Lair:3   | Noticed a death yak
 14832 | Lair:3   | Reached skill level 15 in Polearms
 14832 | Lair:3   | Reached skill level 15 in Dodging
 14840 | Lair:3   | Killed a death yak
 14873 | Lair:3   | Reached ***** piety under Nemelex Xobeh
 15378 | Lair:3   | Received a gift from Nemelex Xobeh
 15379 | Lair:3   | Found a runed door.
 15382 | Lair:3   | Noticed Gewnour's ghost (journeyman GrFi)
 15519 | Lair:3   | Killed Gewnour's ghost
 15645 | D:7      | Bought a Young Poisoner's Handbook for 600 gold pieces
 15650 | D:7      | Learned a level 4 spell: Olgreb's Toxic Radiance
 15860 | Lair:4   | Reached XP level 13. HP: 111/111 MP: 15/17
 15864 | Lair:4   | Reached skill level 1 in Poison Magic
 15870 | Lair:4   | Reached skill level 1 in Spellcasting
 15906 | Lair:4   | HP: 5/111 [acid (9)]
 16288 | Lair:4   | Noticed Josephine
 16292 | Lair:4   | Killed Josephine
 16434 | Lair:4   | Found a runed gate.
 16434 | Lair:4   | Found a runed gate.
 16440 | Lair:4   | Noticed MalarOregon's ghost (journeyman MfGl)
 16441 | Lair:4   | Found a runed gate.
 17222 | Lair:4   | Received a gift from Nemelex Xobeh
 17549 | Lair:4   | Killed MalarOregon's ghost
 17911 | Lair:5   | Reached skill level 16 in Polearms
 18219 | Lair:5   | Found an ornate altar of the Wu Jian Council.
 18611 | Lair:5   | Found a runed door.
 18656 | Lair:5   | Reached skill level 5 in Poison Magic
 18937 | Lair:5   | Received a gift from Nemelex Xobeh
 19555 | Lair:5   | Noticed a dire elephant
 19560 | Lair:5   | Noticed an emperor scorpion
 19560 | Lair:5   | a dire elephant changed into an emperor scorpion
 19590 | Lair:5   | Killed an emperor scorpion
 19972 | Lair:6   | Entered Level 6 of the Lair of Beasts
 19977 | Lair:6   | Reached skill level 5 in Spellcasting
 19982 | Lair:6   | Reached XP level 14. HP: 86/118 MP: 13/21
 19998 | Lair:6   | Reached skill level 17 in Polearms
 20346 | Lair:6   | Found a staircase to the Slime Pits.
 20414 | Lair:6   | Received a gift from Nemelex Xobeh
 20587 | Lair:6   | HP: 1/118 [oklob plant/splash of acid (18)]
 20587 | Lair:6   | Splashed by an oklob plant's acid

Vault maps used:
D:1:      lightli_arrival_chessboard, serial_forest, infiniplex_forest_end_2,
          infiniplex_forest_clump_cross, infiniplex_forest_straight_1,
          infiniplex_forest_lined_3, infiniplex_forest_clump_double,
          infiniplex_forest_straight_5, infiniplex_forest_lined_2,
          infiniplex_forest_straight_4, patterned_corridor
D:3:      first_ration, uniq_jessica, uniq_grinder
D:4:      nicolae_overflow_hidden_temple, gammafunk_ghost_split
D:5:      minmay_temple_entry_poolview, enter_ossuary_3
D:7:      minmay_razor_zed, lemuel_coloured_pillars_altar, serial_shops, shop,
          shop, shop, shop
D:8:      serial_shops, shop_statue, grunt_qazlal_clouds
D:9:      orc_0_dummy, hangedman_fish_farm, trog_three_pillars_becter
D:10:     erik_lair_island
Temple:   lightli_temple_of_artemis
Lair:1:   uniq_harold
Lair:2:   grunt_megastairs_2, uniq_gastronok
Lair:3:   minmay_swamp_entry_worms, spider_nest_entry_funnel_web,
          ebering_ghost_reflecting_pool, gauntlet_entry_generic,
          minmay_shattered_shrine, grunt_megastairs_3
Lair:4:   ebering_ghost_rock_garden, minivault_24, uniq_josephine
Lair:5:   gammafunk_lair_enchanted_lake, basic_altar
Lair:6:   wormcave, guppyfry_lair_end_dragon, minmay_slime_entry_pillars,
          minmay_lair_oklob_chamber
Ossuary:  ossuary_due_cavern
Gauntlet: minmay_gauntlet_mixed_oops_all_seconds

Skill      XL: |  1  2  3  4  5  6  7  8  9 10 11 12 13 14 |
---------------+-------------------------------------------+-----
Polearms       | 5 6 7 9 11 13 14 15 16 17 | 17.2
Fighting       | 3 4 5 6 8 9 11 13 | 13.0
Dodging        | 6 7 8 10 11 13 15 16 | 16.0
Invocations    | 1 4 5 6 |  6.0
Evocations     | 1 4 |  4.0
Poison Magic   | 6 |  6.8
Spellcasting   | 5 |  5.7
Throwing       | |  2.5

Action                   |  1- 3 |  4- 6 |  7- 9 | 10-12 | 13-15 || total
-------------------------+-------+-------+-------+-------+-------++-------
Melee: Trident           |    84 |    60 |       |       |       ||   144
       Spear             |       |    59 |   506 |   577 |       ||  1142
       Tailslap          |       |       |       |     1 |     7 ||     8
       Scythe            |       |       |       |   137 |   309 ||   446
 Cast: Olgreb's Toxic Ra |       |       |       |       |     8 ||     8
 Abil: Draw Summoning    |       |       |     1 |     4 |    10 ||    15
       Draw Escape       |       |       |       |     1 |     6 ||     7
       Draw Destruction  |       |       |       |     1 |     4 ||     5
       Evoke Berserk Rag |       |       |       |       |     1 ||     1
Evoke: Wand              |       |     5 |    14 |    10 |     3 ||    32
  Use: Scroll            |       |     8 |    10 |     2 |     6 ||    26
       Potion            |       |       |       |     6 |     1 ||     7
 Stab: Sleeping          |       |     3 |     7 |     2 |       ||    12
       Paralysed         |       |       |       |     9 |       ||     9
       Petrified         |       |       |       |     8 |       ||     8
       Distracted        |       |       |       |     2 |     1 ||     3
  Eat: Chunk             |       |     5 |    15 |    15 |     9 ||    44
       Ration            |       |       |       |     4 |     2 ||     6
Armor: Leather armour    |    17 |    20 |    53 |    80 |    47 ||   217
       Skin              |       |       |       |    12 |       ||    12
Dodge: Dodged            |    60 |    54 |   161 |   414 |   328 ||  1017

Table legend:
 A = Non-vault XP
 B = Vault XP
 C = Vault XP percentage of total XP
 D = Non-vault monster count
 E = Vault monster count
 F = Vault count percentage of total count
                 A         B        C        D         E       F
            +---------+---------+-------+---------+---------+-------
      Total |   38048 |   21737 |  36.4 |     285 |      82 |  22.3
            +---------+---------+-------+---------+---------+-------
        D:1 |      69 |       0 |   0.0 |      25 |       0 |   0.0
        D:2 |      71 |       0 |   0.0 |      15 |       0 |   0.0
        D:3 |      15 |     318 |  95.5 |       9 |       2 |  18.2
        D:4 |     188 |     205 |  52.2 |      12 |       3 |  20.0
        D:5 |     505 |       0 |   0.0 |      12 |       0 |   0.0
        D:6 |     345 |       0 |   0.0 |      14 |       0 |   0.0
        D:7 |     666 |     541 |  44.8 |      12 |       7 |  36.8
        D:8 |     709 |       0 |   0.0 |      18 |       0 |   0.0
        D:9 |    1363 |     293 |  17.7 |      17 |       1 |   5.6
       D:10 |    1535 |     866 |  36.1 |      20 |       9 |  31.0
     Lair:1 |    2955 |     965 |  24.6 |      14 |       1 |   6.7
     Lair:2 |    3575 |    1663 |  31.7 |      21 |       3 |  12.5
     Lair:3 |    5793 |    4916 |  45.9 |      24 |      13 |  35.1
     Lair:4 |    4844 |    2813 |  36.7 |      19 |       7 |  26.9
     Lair:5 |   10647 |    3725 |  25.9 |      36 |      10 |  21.7
     Lair:6 |    4768 |    1574 |  24.8 |      17 |       7 |  29.2
    Ossuary |       0 |     551 | 100.0 |       0 |      14 | 100.0
   Gauntlet |       0 |    3307 | 100.0 |       0 |       5 | 100.0
            +---------+---------+-------+---------+---------+-------
